 Dungeon Crawl Stone Soup version 0.14-a0-882-gdff4d47 (webtiles) character file.

18690 DasRunzen the Arsonist (level 12, -8/102 HPs)
             Began as a Djinni Fire Elementalist on Nov 14, 2013.
             Was the Champion of Makhleb.
             Mangled by a large slime creature (39 damage)
             ... on Level 13 of the Dungeon on Nov 17, 2013.
             The game lasted 01:08:52 (17186 turns).

DasRunzen the Arsonist (Djinni Fire Elementalist)  Turns: 17186, Time: 01:08:52

HP  -8/102       AC 10     Str 10      XL: 12   Next: 24%
MP   0/0         EV 11     Int 19      God: Makhleb [******]
Gold 663         SH  0     Dex 14      Spells:  6 memorised, 17 levels left

Res.Fire  : + + +   See Invis. : .   l - +4,+5 whip (elec)
Res.Cold  : + . .   Warding    : .   u - +1 leather armour {rC+} (curse)
Life Prot.: + + +   Conserve   : .   (no shield)
Res.Poison: +       Res.Corr.  : .   (no helmet)
Res.Elec. : .       Clarity    : .   J - +2 cloak {rPois}
Sust.Abil.: . .     Spirit.Shd : .   o - +1 pair of dwarf gauntlets
Res.Mut.  : .       Stasis     : .   (boots unavailable)
Res.Rott. : .       Flight     : +   (no amulet)
Saprovore : . . .                    w - ring of poison resistance
                                     G - ring of protection from cold

@: flying, very slightly contaminated, somewhat resistant to hostile
enchantments, unstealthy
A: fire immunity, cold vulnerability, life protection 3
a: Minor Destruction, Lesser Servant of Makhleb, Major Destruction, Greater
Servant of Makhleb, Renounce Religion


You were on level 13 of the Dungeon.
You worshipped Makhleb.
Makhleb was exalted by your worship.
You were not hungry.

You visited 2 branches of the dungeon, and saw 14 of its levels.
You also visited: Sewer and Ossuary.

You collected 663 gold pieces.

Inventory:

Hand weapons
 l - a +4,+5 whip of electrocution (weapon)
Armour
 o - a +1 pair of dwarven gauntlets (worn)
 u - a cursed +1 leather armour of cold resistance (worn)
 J - a +2 cloak of poison resistance (worn)
Magical devices
 a - a wand of frost (4)
 n - a wand of polymorph (13)
 D - a wand of confusion (11)
Scrolls
 f - 3 scrolls of recharging {unknown}
 i - a scroll of teleportation
 j - a scroll of identify
 s - a scroll of amnesia
 t - 5 scrolls of remove curse {unknown}
 v - 3 scrolls of blinking
 F - a scroll of fog
 I - a scroll of immolation {unknown}
Jewellery
 w - a ring of poison resistance (right hand)
 G - a ring of protection from cold (left hand)
Potions
 c - 3 potions of restore abilities
 d - a potion of might
 g - 3 potions of agility
 h - 8 potions of curing
 k - a potion of cure mutation {unknown}
 m - 3 potions of brilliance {unknown}
 q - a potion of magic {unknown}
 r - 3 potions of speed
 x - 3 potions of heal wounds
 z - 3 potions of mutation
 A - 2 potions of invisibility {unknown}
 B - a potion of berserk rage {unknown}
 C - a potion of degeneration {unknown}
Books
 b - a book of Flames

   Spells                             Type                      Level
   *Flame Tongue                      Conjuration/Fire             1
   *Throw Flame                       Conjuration/Fire             2
   Conjure Flame                      Conjuration/Fire             3
   *Inner Flame                       Hexes/Fire                   3
   *Sticky Flame                      Conjuration/Fire             4
   *Fireball                          Conjuration/Fire             5
 e - a book of the Dragon

   Spells                             Type                      Level
   Flight                             Charms/Air                   3
   Cause Fear                         Hexes                        4
   Bolt of Fire                       Conjuration/Fire             6
   Dragon Form                        Transmutation                7
   Summon Dragon                      Summoning                    9
 p - a book of Power

   Spells                             Type                      Level
   Iskenderun's Mystic Blast          Conjuration                  4
   Venom Bolt                         Conjuration/Poison           5
   Bolt of Magma                      Conjuration/Fire/Earth       5
   Fulminant Prism                    Conjuration/Hexes            5
   Iron Shot                          Conjuration/Earth            6
   Orb of Destruction                 Conjuration                  7
 y - a book of Party Tricks

   Spells                             Type                      Level
   Summon Butterflies                 Summoning                    1
   Apportation                        Translocation                1
   *Blink                             Translocation                2
   Alistair's Intoxication            Transmutation/Poison         4
   Tukima's Dance                     Hexes                        5
 E - a book of Frost

   Spells                             Type                      Level
   Freeze                             Ice                          1
   Throw Frost                        Conjuration/Ice              2
   Ozocubu's Armour                   Charms/Ice                   3
   Throw Icicle                       Conjuration/Ice              4
   Summon Ice Beast                   Ice/Summoning                4
   Condensation Shield                Ice                          4
Magical staves
 H - an uncursed staff of air


   Skills:
 - Level 5.0 Fighting
 - Level 6.0 Armour
 - Level 1.7 Dodging
 - Level 1.5 Stealth
 + Level 11.6 Spellcasting
 + Level 11.7 Conjurations
 + Level 14.1 Fire Magic


You had 17 spell levels left.
You knew the following spells:

 Your Spells              Type           Power        Failure   Level  Hunger
a - Flame Tongue          Conj/Fire      #####        1%          1    None
b - Throw Flame           Conj/Fire      ######       1%          2    None
c - Sticky Flame          Conj/Fire      ######..     1%          4    ##.....
d - Fireball              Conj/Fire      ######....   1%          5    ####...
e - Inner Flame           Hex/Fire       #####...     1%          3    None
f - Blink                 Tloc           N/A          12%         2    None


Dungeon Overview and Level Annotations

Branches:
Dungeon (13/16) Temple (1/1) D:4 Orc (0/4) D:9 Lair (0/8) D:12 D:13

Altars:
Ashenzari
Fedhas
Kikubaaqudgha
Makhleb
Nemelex Xobeh
Sif Muna
Trog
Xom
Yredelemnul
Zin
the Shining One

Annotations:
D:2 Sigmund
D:10 exclusion: silver statue


Innate Abilities, Weirdness & Mutations

You are immune to all types of fire, even holy and hellish.
You are vulnerable to cold.
You need no food.
You have no legs.
You are immune to negative energy.


Message History

Aiming: Fireball
Press: ? - help, Shift-Dir - straight line, f - large slime creature
Aim: a large slime creature (severely wounded)
The fireball explodes!
The fireball engulfs the large slime creature.
The large slime creature is almost dead.
There is a stone staircase leading down, spattered with blood here.
The large slime creature hits you but does no damage.
Casting: Fireball
Confirm with . or Enter, or press ? or * to list all spells.
Aiming: Fireball
Press: ? - help, Shift-Dir - straight line, f/p - large slime creature
Aim: a large slime creature (almost dead)
The fireball explodes!
The fireball engulfs the large slime creature.
The large slime creature is almost dead.
The fireball engulfs the slime creature.
The slime creature is moderately wounded.
The large slime creature hits you!
You die...

#....§......... #..............
#...≈≈≈≈...#### #..≈≈§≈≈≈......
#.§§≈.§§≈.##### #.§≈.>.≈..#
#.≈≈.≈≈≈§.##
###################.≈.≈≈§≈...####
........>.....JJ@....§§.....(....
########.########.#.........#####
#.# #....##...### #.# #########.#
#.# #.# #%# #.# #%# #.# #%# #.#
#.# #.#


You could see a large slime creature and a slime creature.

Vanquished Creatures
  3 hydras
  Urug (D:10)
  The ghost of Bloax the Thaumaturge, a powerful DEIE of Cheibriados (D:12)
  A centaur warrior (D:13)
  2 hill giants
  2 cyclopes
  Maurice (D:11)
  A fire drake (D:13)
  A two-headed ogre (D:12)
  3 slime creatures (D:13)
  A shark (D:12)
  22 yaks
  2 water elementals
  A steam dragon (D:9)
  A hungry ghost (D:13)
  A wyvern (D:11)
  A manticore (D:11)
  4 hippogriffs
  A necrophage (D:12)
  The ghost of miro the Ruinous, an average DEFE (D:5)
  3 sky beasts
  A giant goldfish (D:12)
  5 ogres
  Purgy (Sewer)
  4 orc warriors
  2 ice beasts
  2 black bears
  A phantom (D:10)
  3 crocodiles
  8 centaurs
  10 giant frogs
  A yak zombie (D:8)
  11 killer bees
  3 jellyfish (D:12)
  A jelly (D:11)
  6 crimson imps
  A goliath beetle (D:12)
  4 electric eels (D:12)
  A giant frog zombie (D:8)
  A quasit (D:8)
  A soldier ant zombie (D:13)
  4 hounds
  3 scorpions
  A centaur skeleton (D:6)
  3 orc priests
  2 big fish (Sewer)
  A giant frog skeleton (D:12)
  11 orc wizards
  9 worker ants
  4 iguanas
  3 sheep (D:11)
  4 big kobold zombies (Ossuary)
  An orange rat (D:7)
  An ogre skeleton (D:8)
  2 mummies
  A hound skeleton (D:4)
  14 adders
  A giant centipede (D:11)
  A gnoll (D:1)
  5 green rats
  A human (D:6)
  3 giant mites
  5 worms
  10 giant geckos
  An ooze (D:2)
  52 orcs
  4 spectral bats (Ossuary)
  3 ball pythons (Sewer)
  27 bats
  2 bat simulacra (Ossuary)
  13 giant cockroaches
  4 grey rats (D:7)
  15 hobgoblins
  12 jackals
  7 quokkas
  6 giant newts
  A giant spore (D:8)
  8 gnoll zombies (Ossuary)
  9 goblins
  2 goblin simulacra (Ossuary)
  6 goblin zombies
  A hobgoblin skeleton (D:8)
  6 hobgoblin zombies (Ossuary)
  18 kobolds
  3 kobold simulacra (Ossuary)
  3 kobold zombies (Ossuary)
  6 orc zombies
  26 rats
  A spectral goblin (Ossuary)
  2 spectral kobolds (Ossuary)
  A spectral rat (Ossuary)
  7 ballistomycetes
  2 plants (D:3)
459 creatures vanquished.

Vanquished Creatures (others)
  A jelly (D:13)
  A hound (D:8)
  A giant spore (D:13)
  8 fungi (D:12)
  2 plants (D:12)
13 creatures vanquished.

Grand Total: 472 creatures vanquished

Notes
Turn   | Place    | Note
--------------------------------------------------------------
     0 | D:1      | DasRunzen, the Djinni Fire Elementalist, began the quest for the Orb.
     0 | D:1      | Reached XP level 1. HP: 14/14 MP: 0/0
   283 | D:1      | Reached XP level 2. EP: 13/21
   287 | D:1      | Learned a level 2 spell: Throw Flame
   752 | D:1      | Reached XP level 3. EP: 24/27
   818 | D:2      | Noticed Sigmund
  1996 | D:3      | Reached XP level 4. EP: 32/35
  2046 | D:3      | Reached skill level 5 in Fire Magic
  2097 | D:3      | Found a glowing drain.
  2118 | Sewer    | Entered a sewer
  2302 | Sewer    | Noticed Purgy
  2343 | Sewer    | Reached XP level 5. EP: 29/41
  2785 | Sewer    | Killed Purgy
  2785 | Sewer    | Reached skill level 6 in Fire Magic
  2983 | D:3      | Learned a level 4 spell: Sticky Flame
  3117 | D:3      | Reached XP level 6. EP: 43/49
  3218 | D:3      | Learned a level 5 spell: Fireball
  3875 | D:4      | Reached skill level 1 in Armour
  4305 | D:4      | Found a staircase to the Ecumenical Temple.
  4311 | Temple   | Entered the Ecumenical Temple
  4328 | Temple   | Became a worshipper of Makhleb the Destroyer
  4902 | D:5      | Entered Level 5 of the Dungeon
  4936 | D:5      | Acquired Makhleb's first power
  5017 | D:5      | Reached XP level 7. EP: 42/57
  5159 | D:5      | Reached skill level 7 in Fire Magic
  5462 | D:5      | Noticed miro's ghost (average DEFE)
  5825 | D:5      | Killed miro's ghost
  5825 | D:5      | Reached skill level 5 in Conjurations
  5834 | D:5      | Reached skill level 5 in Spellcasting
  5853 | D:5      | Acquired Makhleb's second power
  6107 | D:5      | Learned a level 3 spell: Inner Flame
  6397 | D:6      | Found a sand-covered staircase.
  6406 | Ossuary  | Entered an ossuary
  6513 | Ossuary  | Reached XP level 8. EP: 56/65
  6514 | Ossuary  | Acquired Makhleb's third power
  6883 | D:6      | Reached skill level 8 in Fire Magic
  6901 | D:6      | Learned a level 2 spell: Blink
  6936 | D:6      | Found a basalt altar of Yredelemnul.
  6998 | D:6      | Acquired Makhleb's fourth power
  7939 | D:7      | Reached skill level 5 in Armour
  8188 | D:7      | Found a shattered altar of Ashenzari.
  8188 | D:7      | Found an ancient bone altar of Kikubaaqudgha.
  8542 | D:7      | Reached skill level 9 in Fire Magic
  8542 | D:7      | Acquired Makhleb's fifth power
  8675 | D:7      | Reached XP level 9. EP: 68/73
  9829 | D:8      | Reached skill level 1 in Fighting
 10211 | D:8      | Reached skill level 10 in Fire Magic
 10517 | D:9      | Noticed a seven-headed hydra
 10539 | D:9      | Killed a seven-headed hydra
 10539 | D:9      | Reached XP level 10. EP: 24/84
 10823 | D:9      | Upgraded the game from 0.14-a0-848-g57a047c to 0.14-a0-852-g0ba292f
 10998 | D:9      | Found a glowing golden altar of the Shining One.
 11029 | D:9      | Found a staircase to the Orcish Mines.
 11173 | D:9      | Upgraded the game from 0.14-a0-852-g0ba292f to 0.14-a0-882-gdff4d47
 11187 | D:10     | Entered Level 10 of the Dungeon
 11702 | D:10     | Reached skill level 11 in Fire Magic
 12210 | D:10     | Noticed Urug
 12218 | D:10     | Killed Urug
 12993 | D:11     | Noticed a six-headed hydra
 13023 | D:11     | Killed a six-headed hydra
 13023 | D:11     | Reached XP level 11. EP: 29/94
 13186 | D:11     | Noticed a cyclops
 13193 | D:11     | Killed a cyclops
 13193 | D:11     | Reached skill level 5 in Fighting
 13193 | D:11     | Reached skill level 12 in Fire Magic
 13360 | D:11     | Noticed Maurice
 13365 | D:11     | Killed Maurice
 14157 | D:11     | Noticed a hill giant
 14174 | D:11     | Killed a hill giant
 14174 | D:11     | Reached skill level 10 in Spellcasting
 14174 | D:11     | Reached skill level 10 in Conjurations
 14220 | D:12     | Found a staircase to the Lair.
 14609 | D:12     | Noticed Bloax's ghost (powerful DEIE)
 14948 | D:12     | Killed Bloax's ghost
 15279 | D:12     | Reached skill level 13 in Fire Magic
 15883 | D:12     | Noticed a hill giant
 15901 | D:12     | Killed a hill giant
 16407 | D:13     | Noticed a centaur warrior
 16414 | D:13     | Killed a centaur warrior
 16855 | D:13     | Reached XP level 12. EP: 102/102
 16856 | D:13     | Found a staircase to the Lair.
 17084 | D:13     | Noticed a seven-headed hydra
 17090 | D:13     | Killed a seven-headed hydra
 17150 | D:13     | Reached skill level 14 in Fire Magic
 17186 | D:13     | Mangled by a large slime creature

Action                   |  1- 3 |  4- 6 |  7- 9 | 10-12 || total
-------------------------+-------+-------+-------+-------++-------
Melee: Short sword       |    97 |       |       |       ||    97
       Unarmed           |     2 |       |       |       ||     2
       Whip              |    21 |   225 |   431 |   185 ||   862
 Cast: Flame Tongue      |    38 |    12 |    22 |       ||    72
       Sticky Flame      |       |     8 |    34 |    47 ||    89
       Throw Flame       |       |     2 |     1 |       ||     3
       Fireball          |       |       |    19 |   104 ||   123
       Inner Flame       |       |       |     6 |     2 ||     8
       Blink             |       |       |     1 |       ||     1
Evoke: Wand              |       |     1 |       |     2 ||     3
  Use: Scroll            |    11 |     8 |     6 |     8 ||    33
       Potion            |       |     2 |       |     1 ||     3
 Stab: Sleeping          |     1 |     4 |     7 |       ||    12
       Distracted        |       |       |     1 |       ||     1
